 Dungeon Crawl Stone Soup version 0.28-a0-245-g639a1a48b9 (webtiles) character file.

Game seed: 18436191056268935090

2405 Spaninq the Ruffian (level 9, -12/112 HPs)
             Began as a Grey Draconian Transmuter on Aug 24, 2021.
             Was an Initiate of Sif Muna.
             Mangled by an orc warrior (14 damage)
             ... on level 6 of the Dungeon.
             The game lasted 00:26:10 (7817 turns).

Spaninq the Ruffian (Grey Draconian Transmuter)     Turns: 7817, Time: 00:26:11

Health: -12/112    AC: 28    Str: 19    XL:     9   Next: 23%
Magic:  14/14      EV:  2    Int: 16    God:    Sif Muna [......]
Gold:   303        SH:  0    Dex: 12    Spells: 9/15 levels left

rFire   . . .      SeeInvis .     - Unarmed
rCold   . . .      Faith    .   (no shield)
rNeg    + + +      Spirit   .   (armour unavailable)
rPois   +          Reflect  .   (helmet currently unavailable)
rElec   .          Harm     .   (cloak currently unavailable)
rCorr   .          Rampage  .   (gloves currently unavailable)
Will    .....      NoTele   +   (boots currently unavailable)
Stlth   +.........              k - amulet of the acrobat
HPRegen 0.28/turn               n - +4 ring of protection
MPRegen 0.14/turn               g - +6 ring of strength

@: mighty, tree-form
A: stationary, stasis, torment immunity, boosted hp, AC +12, (amphibious),
unfitting armour, (cold-blooded)
a: Renounce Religion


You were on level 6 of the Dungeon.
You worshipped Sif Muna.
Sif Muna was noncommittal.
You were a tree.
You visited 2 branches of the dungeon, and saw 9 of its levels.
You also visited: Sewer.

You collected 303 gold pieces.

Inventory:

Hand Weapons
 l - a +2 dagger of venom
Missiles
 o - 71 stones
Armour
 j - a +1 pair of gloves (melded)
 p - a +0 pair of boots (melded)
Jewellery
 g - a +6 ring of strength (right branch)
 k - an amulet of the acrobat (around neck)
 n - a +4 ring of protection (left branch)
Scrolls
 d - a scroll of identify
 e - 2 scrolls of amnesia
Potions
 b - 5 potions of haste
 c - a potion of might
 f - 2 potions of lignification
 h - a potion of invisibility {unknown}
 i - a potion of cancellation
 m - a potion of mutation {unknown}


   Skills:
 + Level 5.6 Fighting
 + Level 5.1 Dodging
 * Level 7.3 Unarmed Combat
 + Level 3.8 Spellcasting
 * Level 5.5 Transmutations
 + Level 4.0 Earth Magic


You had 9 spell levels left.
You knew the following spells:

 Your Spells              Type           Power      Damage    Failure   Level
a - Beastly Appendage     Tmut           40%        N/A       1%          1
b - Wereblood             Tmut           20%        N/A       2%          2
c - Sandblast             Erth           32%        2d9       3%          1
d - Passwall              Tmut/Erth      15%        N/A       3%          2

Your spell library contained the following spells:

 Spells                   Type           Power      Damage    Failure   Level
 Spider Form              Tmut/Pois      6%         N/A       16%         3
 Animate Skeleton         Necr           6%         N/A       17%         1
 Foxfire                  Conj/Fire      12%        2x1d4     17%         1
 Pain                     Necr           12%        1d4       17%         1
 Slow                     Hex            3%         N/A       26%         2
 Call Canine Familiar     Summ           3%         N/A       45%         3
 Confusing Touch          Hex            3%         N/A       45%         3
 Conjure Flame            Conj/Fire      3%         6-21      45%         3
 Inner Flame              Hex/Fire       3%         N/A       45%         3
 Portal Projectile        Hex/Tloc       6%         N/A       45%         3
 Vampiric Draining        Necr           1%         2d6       45%         3
 Ice Form                 Ice/Tmut       12%        N/A       47%         4
 Leda's Liquefaction      Hex/Erth       4%         N/A       58%         4
 Lee's Rapid Deconstruct  Erth           8%         3d8*      65%         5
 Hailstorm                Conj/Ice       3%         3d3       86%         4
 Simulacrum               Ice/Necr       1%         N/A       100%        6


Dungeon Overview and Level Annotations

Branches:
Dungeon (8/15)             Temple (1/1) D:5           Sewer (visited)
   Lair: D:8-11

Altars:
Ashenzari
Cheibriados
Dithmenos
Elyvilon
Hepliaklqana
Kikubaaqudgha
Makhleb
Nemelex Xobeh
Okawaru
Ru
Sif Muna
Trog
Vehumet
Wu Jian
Xom

Shops:
D:1 *

Annotations:
D:6 Grinder, Pikel


Innate Abilities, Weirdness & Mutations

You are a tree.
Your roots penetrate the ground, keeping you stationary.
You cannot be teleported.
You are immune to unholy pain and torment.
Your maximum health is greatly increased.
Your equipment is partially melded.
((Your dull iron-grey scales are very hard. (AC +12)))
((You are amphibious.))
You cannot fit into any form of body armour.
((You are cold-blooded and may be slowed by cold attacks.))


Message History

The orc warrior hits you but does no damage.
The orc warrior hits you with a +0 broad axe.
* * * LOW HITPOINT WARNING * * *
The orc priest hits you but does no damage.
You pummel the orc priest!!
You kill the orc priest!
Sif Muna accepts your kill. Pikel hits you but does no damage.
The orc priest casts a cantrip, but nothing happens.
The orc warrior hits you from afar with a +0 glaive.
* * * LOW HITPOINT WARNING * * *
The orc warrior hits you but does no damage.
Okay, then.
Okay, then.
Okay, then.
It was a potion of might.
You feel very mighty all of a sudden.
A magic dart appears from out of thin air!
The magic dart hits you but does no damage.
Pikel hits you but does no damage.
The orc priest hits you but does no damage.
The orc warrior hits you but does no damage. x2
You smack the orc priest!
The orc priest is severely wounded.
The orc priest hits you but does no damage.
Pikel hits you with a +1 whip of flaming.
* * * LOW HITPOINT WARNING * * *
Pikel burns you.
* * * LOW HITPOINT WARNING * * *
The orc warrior hits you but does no damage. x2
You barely miss the orc priest.
The orc priest is severely wounded.
Something hits you but does no damage. Pikel hits you but does no damage.
The orc priest hits you but does no damage.
The orc warrior hits you but does no damage.
You pummel the orc priest!!
You kill the orc priest!
Sif Muna accepts your kill.
The orc warrior hits you with a +0 broad axe!
You die...

### ##..### #[#.###.#. ..#
..... ......#.#.
#.########o######........
.o..........oo..o..># #..
#.######.########...#.#.###
# #.# #.##...........#...
.# #..
#.##.#####.#####.##..# ...#
#.# ####{..........# #oo#
### ##5o♣######.###.# #..#
#'5)K# #K# ...# ##5o5# #5#
#...o# #.# #....######.#
#.......K...# #..##########
#..# #..#


You could see Pikel, 2 orc warriors, 4 lemures and an orc.

Vanquished Creatures
  A steam dragon (D:6)
  Menkaure (D:4)
  An orc warrior (D:7)
  An ice beast (D:5)
  2 ogres
  A centaur (D:7)
  2 kobold brigands
  3 bullfrogs
  5 scorpions
  A water moccasin zombie (D:7)
  A wyvern skeleton (D:6)
  A water moccasin skeleton (D:4)
  2 wights (D:6)
  A howler monkey (D:6)
  A centaur zombie (D:6)
  2 bullfrog skeletons
  2 gnoll shamans (D:5)
  2 orc priests (D:6)
  2 hounds (D:6)
  2 jellies
  3 iguanas
  A scorpion zombie (D:4)
  3 orc wizards
  2 hound skeletons (D:4)
  7 gnolls (D:5)
  5 adders
  7 river rats (Sewer)
  2 shadow imps
  2 white imps
  An ufetubus (D:4)
  A dart slug (D:3)
  16 orcs
  7 endoplasms
  6 giant cockroaches
  10 hobgoblins
  6 jackals
  4 quokkas
  15 ball pythons
  2 bats
  A frilled lizard (D:3)
  10 goblins
  23 kobolds
  23 rats
191 creatures vanquished.

Vanquished Creatures (others)
  A kobold (D:7)
1 creature vanquished.

Grand Total: 192 creatures vanquished

Notes
Turn   | Place    | Note
-------+----------+-------------------------------------------
     0 | D:1      | Spaninq the Draconian Transmuter began the quest for the
                  | Orb.
     0 | D:1      | Reached XP level 1. HP: 16/16 MP: 3/3
   335 | D:1      | Reached XP level 2. HP: 13/23 MP: 5/5
   645 | D:1      | Learned a level 2 spell: Wereblood
   815 | D:1      | Found Duesch's General Store.
  1205 | D:1      | You fall into a shaft and drop 1 floor!
  1308 | D:2      | Reached XP level 3. HP: 27/29 MP: 3/6
  2510 | D:3      | Reached skill level 4 in Unarmed Combat
  2763 | D:3      | Reached XP level 4. HP: 28/36 MP: 5/7
  2996 | D:3      | Noticed a bullfrog
  3004 | D:3      | Killed a bullfrog
  3065 | D:3      | Reached XP level 5. HP: 42/42 MP: 5/8
  3468 | D:3      | Found a faded altar of an unknown god.
  3639 | D:4      | Noticed Menkaure
  3650 | D:4      | Killed Menkaure
  3651 | D:4      | Reached skill level 5 in Unarmed Combat
  3754 | D:4      | Reached XP level 6. HP: 36/51 MP: 7/9
  4093 | D:4      | Reached skill level 6 in Unarmed Combat
  4122 | D:4      | Your scales start taking on a dull iron-grey colour.
  4122 | D:4      | Reached XP level 7. HP: 40/59 MP: 3/10
  4165 | D:4      | Learned a level 1 spell: Sandblast
  4168 | D:4      | Learned a level 2 spell: Passwall
  4983 | D:5      | Entered Level 5 of the Dungeon
  5034 | D:5      | Reached skill level 1 in Earth Magic
  5056 | D:5      | Found a staircase to the Ecumenical Temple.
  5286 | D:5      | Found a glowing drain.
  5298 | Sewer    | Entered a sewer
  5956 | D:5      | Found an iron altar of Okawaru.
  5992 | D:5      | Reached XP level 8. HP: 28/67 MP: 9/12
  6578 | D:5      | Found a radiant altar of Vehumet.
  6902 | Temple   | Entered the Ecumenical Temple
  7128 | Temple   | Became a worshipper of Sif Muna the Loreminder
  7189 | D:6      | Reached skill level 5 in Fighting
  7242 | D:6      | Reached skill level 7 in Unarmed Combat
  7249 | D:6      | Reached skill level 5 in Transmutations
  7349 | D:6      | Reached XP level 9. HP: 27/74 MP: 14/14
  7451 | D:6      | Noticed Grinder
  7454 | D:6      | Paralysed by Grinder for 4 turns
  7461 | D:6      | Paralysed by Grinder for 4 turns
  7540 | D:6      | You fall into a shaft and drop 2 floors!
  7605 | D:7      | Found an ancient bone altar of Kikubaaqudgha.
  7652 | D:7      | Reached skill level 5 in Dodging
  7777 | D:6      | Noticed Pikel
  7810 | D:6      | HP: 5/111 [orc priest/divine providence (11)]
  7815 | D:6      | HP: 3/112 [Pikel (2)]
  7817 | D:6      | Mangled by an orc warrior

Illustrated notes

Levels and vault maps discovered:
D:1:      minmay_arrival_loop, layout_loops_corners, serial_shops,
          nicolae_lakefront_shop
D:2:      layout_loops_corners
D:3:      layout_basic, hellmonk_ecumenical_altar_prayer_group, serial_rivers,
          chequers_serial_rivers_room_b, chequers_serial_rivers_micro_e,
          chequers_serial_rivers_large_a, chequers_serial_rivers_large_b
D:4:      cheibrodos_barr_body, layout_basic, uniq_menkaure
D:5:      layout_loops_cross, amcnicky_altar_gilded,
          mainiacjoe_overflow_brackets, minmay_temple_entry_statues_pillars,
          gup_sewer_entry_glass, minmay_liquid_box
D:6:      layout_basic, mainiacjoe_overflow_alcove_3,
          nicolae_ossuary_entry_catacombs, minmay_joined_circles, uniq_grinder,
          uniq_pikel
D:7:      layout_rooms, ebering_ghost_inner_flame, mrwooster_statue_mirror,
          nicolae_zen_rock_garden, minivault_23, nicolae_benzene_ring,
          kennysheep_flooded_box
D:8:      minmay_chambers_of_sixes, layout_basic,
          grunt_temple_overflow_gold_and_silver, serial_shops,
          nicolae_shop_waterfront
Temple:   nicolae_temple_figure_eight

Skill      XL: |  1  2  3  4  5  6  7  8  9 |
---------------+----------------------------+-----
Dodging        | 2 3 4 5 |  5.1
Fighting       | 2 3 4 5 |  5.6
Unarmed Combat | 4 5 6 7 |  7.3
Earth Magic    | 2 3 4 |  4.0
Transmutations | 3 5 |  5.5
Spellcasting   | 3 |  3.8

Action                   |  1- 3 |  4- 6 |  7- 9 || total
-------------------------+-------+-------+-------++-------
Melee: Unarmed           |   150 |    92 |   400 ||   642
       Tailslap          |     7 |    10 |    40 ||    57
       Punch             |     2 |     1 |     9 ||    12
       Kick              |    17 |    19 |    84 ||   120
       Headbutt          |     8 |    12 |    49 ||    69
 Cast: Beastly Appendage |    27 |    24 |    33 ||    84
       Wereblood         |     1 |     4 |    17 ||    22
  Use: Scroll            |       |       |    14 ||    14
       Potion            |       |       |    13 ||    13
Armor: Skin              |    36 |    24 |   211 ||   271
Dodge: Dodged            |    80 |    40 |   283 ||   403

Table legend: (Time is in decaauts)
 A = Elapsed time spent in this place.
 B = Non-inter-level travel time spent in this place.
 C = Inter-level travel time spent in this place.
 D = Time resting spent in this place.
 E = Time spent auto-exploring this place.
 F = Levels seen in this place.
 G = Mean time per level.
                   A        B        C        D        E       F      G
               +--------+--------+--------+--------+--------+-----+--------+
         Total |   7758 |   7194 |    564 |    614 |   4633 |  10 |  775.8 |
       Dungeon |   6867 |   6328 |    539 |    614 |   4085 |   8 |  858.4 |
        Temple |    252 |    227 |     25 |      0 |    195 |   1 |  252.0 |
         Sewer |    637 |    637 |      0 |      0 |    353 |   1 |  637.0 |
               +--------+--------+--------+--------+--------+-----+--------+

Top non-repeatable levels by time:
     D:1: 1496 daAuts
     D:3: 1465 daAuts
     D:4: 1414 daAuts
     D:2: 1061 daAuts
     D:5: 969 daAuts
   Sewer: 637 daAuts
     D:6: 285 daAuts
  Temple: 252 daAuts
     D:7: 129 daAuts
     D:8: 47 daAuts
